 Dungeon Crawl Stone Soup version 0.29.0-11-gd7f09526c8 (webtiles) character file.

Game seed: 5992940352305077294

1061 mtoz the Charlatan (level 8, -7/35 (58) HPs)
             Began as a Gnoll Wanderer on Sept 6, 2022.
             Mangled by an ice beast (11 damage)
             ... on level 6 of the Dungeon.
             The game lasted 00:21:24 (5095 turns).

mtoz the Charlatan (Gnoll Wanderer)                 Turns: 5095, Time: 00:21:25

HP:   -7/35 (58)    AC: 14    Str: 14    XL:     8   Next: 27%
MP:   23/23         EV:  5    Int: 13    God:
Gold: 291           SH:  0    Dex: 13    Spells: 14/15 levels left

rFire   . . .      SeeInvis .   u - +5 spear of Suogi {vorpal, *Slow rCorr Int+3}
rCold   . . .      Faith    .   (no shield)
rNeg    . . .      Spirit   .   w - +0 plate armour
rPois   .          Reflect  .   I - +2 helmet
rElec   .          Harm     .   (no cloak)
rCorr   +          Rampage  .   (no gloves)
Will    .....                   (no boots)
Stlth   ..........              D - amulet of regeneration
HPRegen 0.91/turn               s - ring of magical power
MPRegen 0.18/turn               (no ring)

@: very heavily drained
A: fangs 1, strong nose, distributed training
a: no special abilities


You were on level 6 of the Dungeon.
You visited 1 branch of the dungeon, and saw 6 of its levels.

You collected 291 gold pieces.

Inventory:

Hand Weapons
 h - a +2 hand axe of venom
 j - a +0 club
 m - a +0 mace
 u - the +5 spear of Suogi (weapon) {vorpal, *Slow rCorr Int+3}
   (You found it on level 2 of the Dungeon)

   It inflicts extra damage upon your enemies.
   Int:       It affects your intelligence (+3).
   rCorr:     It protects you from acid and corrosion.
   *Slow:     It may slow you when you take damage.
 z - a +0 war axe
 B - a +0 dagger
 E - a +1 flail of pain
 H - a +1 shortbow of freezing
 O - a +2 dagger of draining
Missiles
 g - 68 stones
 i - 2 boomerangs (quivered)
 p - 6 poisoned darts
 r - 2 curare-tipped darts
Armour
 d - a +0 leather armour
 o - a +0 robe
 w - a +0 plate armour (worn)
 G - a +2 animal skin
 I - a +2 helmet (worn)
Jewellery
 s - a ring of magical power (left hand)
 v - an amulet of guardian spirit
 C - an amulet of the acrobat
 D - an amulet of regeneration (around neck)
Wands
 F - a wand of mindburst (14)
 J - a wand of light (10)
Scrolls
 e - 5 scrolls of fog
 f - 2 scrolls of immolation
 t - a scroll of amnesia
 x - 2 scrolls of enchant weapon
 y - a scroll of enchant armour
 A - a scroll of fear
 K - a scroll of torment
 M - a scroll of vulnerability {unknown}
 N - 2 scrolls of teleportation {unknown}
 P - a scroll of brand weapon {unknown}
Potions
 a - a potion of magic
 c - 2 potions of might
 k - a potion of brilliance {unknown}
 l - 3 potions of flight
 n - 2 potions of heal wounds
 q - 2 potions of mutation {unknown}
 L - 3 potions of curing
Miscellaneous
 b - a piece from Xom's chessboard (15/15)


   Skills:
 + Level 3.2 Fighting
 + Level 3.2 Short Blades
 + Level 3.2 Long Blades
 + Level 3.2 Axes
 + Level 3.2 Maces & Flails
 + Level 3.2 Polearms
 + Level 3.2 Staves
 + Level 3.2 Ranged Weapons
 + Level 3.2 Throwing
 + Level 3.2 Armour
 + Level 4.2 Dodging
 + Level 3.2 Stealth
 + Level 3.2 Shields
 + Level 7.3 Unarmed Combat
 + Level 4.3 Spellcasting
 + Level 2.6 Conjurations
 + Level 2.6 Hexes
 + Level 2.6 Summonings
 + Level 2.6 Necromancy
 + Level 2.6 Translocations
 + Level 2.6 Transmutations
 + Level 2.6 Fire Magic
 + Level 2.6 Ice Magic
 + Level 2.6 Air Magic
 + Level 2.6 Earth Magic
 + Level 4.7 Poison Magic
 + Level 3.5 Invocations
 + Level 7.3 Evocations


You had 14 spell levels left.
You knew the following spells:

 Your Spells              Type           Power      Damage    Failure   Level
a - Sting                 Tmut/Pois      48%        1d5       99%         1

Your spell library contained the following spells:

 Spells                   Type           Power      Damage    Failure   Level
 Poisonous Vapours        Pois/Air       24%        N/A       100%        2
 Conjure Flame            Conj/Fire      9%         6-21      100%        3
 Ignite Poison            Fire/Tmut/Pois 11%        N/A       100%        3
 Olgreb's Toxic Radiance  Pois           15%        N/A       100%        4
 Sticky Flame             Conj/Fire      9%         2d3       100%        4


Dungeon Overview and Level Annotations

Branches:
Dungeon (6/15)
 Temple: D:4-7

Altars:

Shops:
D:4 (


Innate Abilities, Weirdness & Mutations

You have very sharp teeth.
Your uncanny sense of smell can sniff out nearby items.
Your experience applies equally to all skills.


Message History

You closely miss the orc.
The orc is heavily wounded.
The orc hits you but does no damage.
You hit the orc.
The orc is almost dead.
The orc hits you but does no damage.
You closely miss the orc. You bite the orc, but do no damage.
The orc is almost dead.
The orc hits you but does no damage.
You barely miss the orc. You bite the orc.
You kill the orc!
You hit the ice beast.
The ice beast is lightly wounded.
The ice beast hits you but does no damage.
You hit the ice beast.
The ice beast is lightly wounded.
The ice beast hits you but does no damage.
You hit the ice beast.
The ice beast is moderately wounded.
The ice beast barely misses you.
You puncture the ice beast!
You bite the ice beast, but do no damage.
The ice beast is severely wounded.
You closely miss the ice beast.
The ice beast is severely wounded.
The ice beast hits you. The ice beast freezes you!
You hit the ice beast.
The ice beast is severely wounded.
The ice beast hits you. The ice beast freezes you!
* * * LOW HITPOINT WARNING * * *
You barely miss the ice beast.
You bite the ice beast, but do no damage.
The ice beast is severely wounded.
The ice beast hits you but does no damage.
You barely miss the ice beast.
The ice beast is severely wounded.
The ice beast hits you.
* * * LOW HITPOINT WARNING * * *
The ice beast freezes you!
You die...

##################
#................#
#.##############<#
#@# #.. #Y# ###
#.# #.# #.# #.# ∆
#.# ...


You could see an ice beast.

Vanquished Creatures
  Grinder (D:3)
  A black bear (D:4)
  An ice beast (D:4)
  A centaur (D:3)
  A phantom (D:5)
  A bullfrog (D:6)
  3 scorpions
  An orc priest (D:4)
  4 orc wizards
  Robin (D:3)
  4 adders
  A shadow imp (D:5)
  A dart slug (D:3)
  13 orcs
  6 ball pythons
  7 endoplasms
  3 giant cockroaches
  16 goblins
  8 hobgoblins
  8 jackals
  8 kobolds
  3 quokkas
  13 bats
  5 frilled lizards
  4 rats
115 creatures vanquished.

Notes
Turn   | Place    | Note
-------+----------+-------------------------------------------
     0 | D:1      | mtoz the Gnoll Wanderer began the quest for the Orb.
     0 | D:1      | mtoz set off with the following items: a +0 dagger, a piece
                  | from Xom's chessboard (15/15), a potion of might, a +0
                  | leather armour, a scroll of fog; and the following spell
                  | memorised: Sting; and the following spells available to
                  | memorise: Poisonous Vapours, Olgreb's Toxic Radiance.
     0 | D:1      | Reached XP level 1. HP: 13/13 MP: 4/4
   309 | D:1      | Reached XP level 2. HP: 19/19 MP: 5/5
   670 | D:1      | Reached XP level 3. HP: 10/25 MP: 7/7
  1399 | D:2      | Identified the +5 spear of Suogi {vorpal, *Slow rCorr
                  | Int+3}
  1636 | D:2      | Reached skill level 1 in Invocations
  1641 | D:2      | Found a faded altar of an unknown god.
  1959 | D:2      | Reached skill level 1 in Fighting
  1959 | D:2      | Reached skill level 1 in Short Blades
  1959 | D:2      | Reached skill level 1 in Long Blades
  1959 | D:2      | Reached skill level 1 in Axes
  1959 | D:2      | Reached skill level 1 in Maces & Flails
  1959 | D:2      | Reached skill level 1 in Polearms
  1959 | D:2      | Reached skill level 1 in Staves
  1959 | D:2      | Reached skill level 1 in Ranged Weapons
  1959 | D:2      | Reached skill level 1 in Throwing
  1959 | D:2      | Reached skill level 1 in Armour
  1959 | D:2      | Reached skill level 1 in Stealth
  1959 | D:2      | Reached skill level 1 in Shields
  2034 | D:2      | Reached XP level 4. HP: 32/32 MP: 8/8
  2293 | D:3      | Noticed a scorpion
  2441 | D:3      | Killed a scorpion
  2442 | D:3      | Reached skill level 1 in Conjurations
  2442 | D:3      | Reached skill level 1 in Hexes
  2442 | D:3      | Reached skill level 1 in Summonings
  2442 | D:3      | Reached skill level 1 in Necromancy
  2442 | D:3      | Reached skill level 1 in Translocations
  2442 | D:3      | Reached skill level 1 in Transmutations
  2442 | D:3      | Reached skill level 1 in Fire Magic
  2442 | D:3      | Reached skill level 1 in Ice Magic
  2442 | D:3      | Reached skill level 1 in Air Magic
  2442 | D:3      | Reached skill level 1 in Earth Magic
  2442 | D:3      | Reached XP level 5. HP: 34/37 MP: 9/9
  3009 | D:3      | Noticed Robin
  3018 | D:3      | Killed Robin
  3050 | D:3      | Noticed a centaur
  3068 | D:3      | Killed a centaur
  3069 | D:3      | Reached XP level 6. HP: 37/44 MP: 11/11
  3138 | D:3      | Noticed Grinder
  3144 | D:3      | Paralysed by Grinder for 3 turns
  3151 | D:3      | Killed Grinder
  3171 | D:3      | Reached XP level 7. HP: 50/50 MP: 12/12
  3864 | D:4      | Found Xoqud's Antique Weapon Shoppe.
  4223 | D:5      | Entered Level 5 of the Dungeon
  4380 | D:5      | Reached XP level 8. HP: 41/58 MP: 14/14
  5095 | D:6      | Mangled by an ice beast

Illustrated notes

Levels and vault maps discovered:
D:1:      dpeg_arrival_oval, layout_basic, chequers_serial_rivers_room_a,
          bh_walls_and_bars
D:2:      layout_loops_corners, shapermc_ecumenical_altar_pompeii,
          minmay_joined_circles
D:3:      layout_rooms, minmay_misc_feat_more_columns, amethyst_killhole,
          fountainhead, uniq_robin, uniq_grinder
D:4:      layout_basic, serial_shops, nicolae_shop_statue_plus,
          chequers_decorated_corner
D:5:      layout_basic
D:6:      layout_loops_ring, serial_shops, nicolae_lakefront_shop,
          kennysheep_potato

Skill      XL: |  1  2  3  4  5  6  7 |
---------------+----------------------+-----
Invocations    | 1 2 3 |  3.5
Fighting       | 1 2 3 |  3.2
Short Blades   | 1 2 3 |  3.2
Long Blades    | 1 2 3 |  3.2
Axes           | 1 2 3 |  3.2
Maces & Flails | 1 2 3 |  3.2
Polearms       | 1 2 3 |  3.2
Staves         | 1 2 3 |  3.2
Ranged Weapons | 1 2 3 |  3.2
Throwing       | 1 2 3 |  3.2
Armour         | 1 2 3 |  3.2
Stealth        | 1 2 3 |  3.2
Shields        | 1 2 3 |  3.2
Spellcasting   | 3 4 |  4.3
Conjurations   | 1 2 |  2.6
Hexes          | 1 2 |  2.6
Summonings     | 1 2 |  2.6
Necromancy     | 1 2 |  2.6
Translocations | 1 2 |  2.6
Transmutations | 1 2 |  2.6
Fire Magic     | 1 2 |  2.6
Ice Magic      | 1 2 |  2.6
Air Magic      | 1 2 |  2.6
Earth Magic    | 1 2 |  2.6
Dodging        | 3 4 |  4.2
Poison Magic   | 4 |  4.7
Unarmed Combat | 7 |  7.3
Evocations     | 7 |  7.3

Action                   |  1- 3 |  4- 6 |  7- 9 || total
-------------------------+-------+-------+-------++-------
Melee: Dagger            |    19 |       |       ||    19
       Hand axe          |    49 |       |       ||    49
       Bite              |     3 |     4 |    17 ||    24
       Punch             |     2 |     1 |     7 ||    10
       Spear             |    34 |    96 |   177 ||   307
Throw: Stone             |       |     4 |       ||     4
       Boomerang         |       |     4 |    10 ||    14
  Use: Scroll            |       |     5 |     3 ||     8
       Potion            |       |     6 |       ||     6
Armor: Leather armour    |    35 |       |       ||    35
       Plate armour      |    23 |    79 |   154 ||   256
Dodge: Dodged            |    62 |    28 |    31 ||   121
